 Dungeon Crawl Stone Soup version 0.32-a0-876-gcfddb08e57 (webtiles) character file.

Game seed: 17315078253400256638

15 Autsider the Magician (level 2, 0/27 HPs)
             Began as an Oni Hedge Wizard on Apr 1, 2024.
             Slain by a gnoll
             ... wielding a +0 whip
              (6 damage)
             ... on level 1 of the Dungeon.
             The game lasted 00:02:13 (398 turns).

Autsider the Magician (Oni Hedge Wizard)             Turns: 398, Time: 00:02:14

Health: 0/27       AC:  1    Str: 13    XL:     2   Next: 50%
Magic:  1/6        EV:  8    Int: 15    God:
Gold:   23         SH:  0    Dex:  8    Spells: 7/8 levels left

rFire   . . .        (no weapon)
rCold   . . .        (no shield)
rNeg    . . .        (body armour restricted)
rPois   .            c - +0 hat
rElec   .            (no cloak)
rCorr   .            (gloves unavailable)
SInv    .            (boots unavailable)
Will    +....        (no amulet)
Stlth   +            h - ring of willpower
HPRegen 0.24/turn    (no ring)
MPRegen 0.10/turn

%: no passive effects
@: no status effects
A: large, unfitting armour, horns 1, tough skin 1, double potion healing,
drunken brawling
a: no special abilities


You were on level 1 of the Dungeon.
You visited 1 branch of the dungeon, and saw 2 of its levels.

You collected 23 gold pieces.

Inventory:

Armour
 c - a +0 hat (worn)
Jewellery
 h - a ring of willpower (left hand)
Scrolls
 e - a scroll of identify {unknown}
 g - a scroll of teleportation {unknown}
Potions
 a - a potion of curing {unknown}
 b - a potion of attraction {unknown}
 d - a potion of magic
 f - a potion of berserk rage {unknown}


   Skills:
 + Level 1.5 Fighting
 - Level 1.7 Dodging
 - Level 1.4 Stealth
 + Level 3.9 Spellcasting
 + Level 1.3 Conjurations
 - Level 0.8 Summonings
 - Level 0.8 Translocations


You had 7 spell levels left.
You knew the following spells:

 Your Spells              Type           Power      Damage    Failure   Level
a - Magic Dart            Conj           28%        1d4       11%         1

Your spell library contained the following spells:

 Spells                   Type           Power      Damage    Failure   Level
 Slow                     Hex            8%         N/A       19%         1
 Blink                    Tloc           10%        N/A       19%         2
 Call Imp                 Summ           10%        N/A       19%         2
 Cigotuvi's Dreadful Rot  Necr/Alch/Air  4%         N/A       28%         2
 Mephitic Cloud           Conj/Alch/Air  4%         N/A       41%         3


Dungeon Overview and Level Annotations

Branches:
Dungeon (2/15)

Altars:


Innate Abilities, Weirdness & Mutations

You are too large for most types of armour.
You have a pair of small horns on your head.
You have tough skin. (AC +1)
You gain doubled healing and magic from potions.
Whenever you drink a healing potion, you attack all around you.


Message History

Confirm with . or Enter, or press ? or * to list all spells.
Aiming: Magic Dart (safe; 11% risk of failure)
Press: ? - help, Shift-Dir - straight line, f/p - giant cockroach
Aim: a giant cockroach (severely wounded, 100% to hit)
The magic dart hits the giant cockroach.
You kill the giant cockroach!
Casting: Magic Dart (safe; 11% risk of failure)
Confirm with . or Enter, or press ? or * to list all spells.
Aiming: Magic Dart (safe; 11% risk of failure)
Press: ? - help, Shift-Dir - straight line, f - gnoll
Aim: a gnoll, wielding a +0 whip (100% to hit)
The magic dart hits the gnoll.
The gnoll is moderately wounded.
The gnoll hits you with a +0 whip.
* * * LOW HITPOINT WARNING * * *
Casting: Magic Dart (safe; 11% risk of failure)
Confirm with . or Enter, or press ? or * to list all spells.
Aiming: Magic Dart (safe; 11% risk of failure)
Press: ? - help, Shift-Dir - straight line, f/p - gnoll
Aim: a gnoll, wielding a +0 whip (moderately wounded, 100% to hit)
The magic dart hits the gnoll.
The gnoll is moderately wounded.
The gnoll closely misses you.
Casting: Magic Dart (safe; 11% risk of failure)
Confirm with . or Enter, or press ? or * to list all spells.
You don't have enough magic to cast this spell.
Casting: Magic Dart (safe; 11% risk of failure)
Confirm with . or Enter, or press ? or * to list all spells.
You don't have enough magic to cast this spell.
There is an open door here.
The gnoll attacks as it pursues you! The gnoll hits you with a +0 whip.
* * * LOW HITPOINT WARNING * * *
You hit the gnoll but do no damage.
The gnoll is moderately wounded.
The gnoll hits you with a +0 whip.
* * * LOW HITPOINT WARNING * * *
You hit the gnoll. Your headbutt misses the gnoll.
The gnoll is heavily wounded.
The gnoll hits you with a +0 whip.
You die...

....... #ß.....ß#
......########.....##
........g...'..ß.ß..#
......########.....##
........### #.....#
........g.####.ß.ß.#
............##.....#
..>......##.##.....#
.............#.ß@ß.#
.............###g### .
#............g.#.# ...
##.............#†#.....
#####..................
#..................
#...............##.
#....>....##......
#.......... .......


You could see a gnoll.

Vanquished Creatures
  A dart slug (D:2)
  2 endoplasms
  2 giant cockroaches
  3 hobgoblins
  2 frilled lizards (D:2)
  A kobold (D:2)
  A rat (D:2)
12 creatures vanquished.

Notes
Turn   | Place    | Note
-------+----------+-------------------------------------------
     0 | D:1      | Autsider the Oni Hedge Wizard began the quest for the Orb.
     0 | D:1      | Reached XP level 1. HP: 16/16 MP: 5/5
     8 | D:1      | You fall into a shaft and drop 1 floor!
    33 | D:2      | Reached skill level 1 in Conjurations
   191 | D:2      | Reached skill level 1 in Fighting
   200 | D:2      | Reached XP level 2. HP: 27/27 MP: 0/6
   398 | D:1      | Slain by a gnoll

Illustrated notes

Levels and vault maps discovered:
D:1:      elethiomel_arrival_quiet, layout_rooms,
          shapermc_ecumenical_altar_mp_vishouse
D:2:      minmay_inner_zag, layout_rooms, minmay_tetromino_l4, uniq_sigmund

Skill      XL: |  1 |
---------------+----+-----
Conjurations   | 1 |  1.3
Fighting       | 1 |  1.5
Dodging        | |  1.7
Stealth        | |  1.4
Spellcasting   | |  3.9
Summonings     | |  0.8
Translocations | |  0.8

Action                     || total
---------------------------++-------
  Melee: Unarmed           ||     9
         Headbutt          ||     2
   Cast: Magic Dart        ||    33
 Armour: Skin              ||    37
  Dodge: Dodged            ||    15

Table legend: (Time is in decaauts)
 A = Elapsed time spent in this place.
 B = Non-inter-level travel time spent in this place.
 C = Inter-level travel time spent in this place.
 D = Time resting spent in this place.
 E = Time spent auto-exploring this place.
 F = Levels seen in this place.
 G = Mean time per level.
                   A        B        C        D        E       F      G
               +--------+--------+--------+--------+--------+-----+--------+
         Total |    397 |    378 |     19 |     87 |    120 |   2 |  198.5 |
       Dungeon |    397 |    378 |     19 |     87 |    120 |   2 |  198.5 |
               +--------+--------+--------+--------+--------+-----+--------+

Top non-repeatable levels by time:
     D:2: 268 daAuts
     D:1: 128 daAuts
